 Dungeon Crawl Stone Soup version 0.24.1-4-ge52af88ad5 (webtiles) character file.

Game seed: 18090899382340123084, levelgen mode: deterministic

9776 Peloso the Carver (level 11, -5/97 HPs)
             Began as a Minotaur Fighter on Apr 12, 2020.
             Was a High Priest of Okawaru.
             Killed from afar by Erica (13 damage)
             ... with an orb of energy
             ... on level 11 of the Dungeon.
             The game lasted 00:30:36 (10865 turns).

Peloso the Carver (Minotaur Fighter)               Turns: 10865, Time: 00:30:38

Health: -5/97      AC: 22    Str: 23    XL:     11   Next: 27%
Magic:  11/11      EV:  7    Int:  5    God:    Okawaru [*****.]
Gold:   558        SH: 12    Dex: 11    Spells: 10/10 levels left

rFire    . . .     SeeInvis .   b - +4 long sword (holy)
rCold    + . .     Gourm    +   c - +0 shield
rNeg     . . .     Faith    .   A - +0 plate armour
rPois    .         Spirit   .   (helmet restricted)
rElec    .         Reflect  .   g - +0 cloak
rCorr    .         Harm     .   (no gloves)
MR       .....                  (no boots)
Stlth    ..........             x - amulet of the gourmand (curse)
HPRegen  0.26/turn              p - +6 ring of protection
MPRegen  0.12/turn              L - ring of protection from cold

@: lethally poisoned (-5 -> -11)
A: retaliatory headbutt, horns 2
a: Heroism, Finesse, Renounce Religion


You were on level 11 of the Dungeon.
You worshipped Okawaru.
Okawaru was extremely pleased with you.
You were full.

You visited 2 branches of the dungeon, and saw 12 of its levels.
You also visited: Sewer and Ossuary.

You collected 584 gold pieces.
You spent 26 gold pieces at shops.

Inventory:

Hand Weapons
 a - a +2 long sword of holy wrath
 b - a +4 long sword of holy wrath (weapon)
Armour
 c - a +0 shield (worn)
 e - a +0 chain mail
 g - a +0 cloak (worn)
 A - a +0 plate armour (worn)
Jewellery
 p - a +6 ring of protection (left hand)
 w - an uncursed ring of magical power
 x - a cursed amulet of the gourmand (around neck)
 F - an uncursed ring of flight
 L - a ring of protection from cold (right hand)
 N - a +3 ring of dexterity {unknown}
Wands
 t - a wand of polymorph (5)
 E - a wand of flame (26)
 G - a wand of iceblast (7)
 H - a wand of digging (13)
 I - a wand of clouds (5)
 M - a wand of random effects (14)
Scrolls
 h - 7 scrolls of remove curse
 i - 4 scrolls of fog
 j - 8 scrolls of identify
 l - 4 scrolls of enchant armour
 m - a scroll of teleportation
 n - 2 scrolls of amnesia
 r - 4 scrolls of fear
 v - 3 scrolls of magic mapping
 y - 2 scrolls of blinking
 C - a scroll of holy word
 J - a scroll of silence {unknown}
 K - a scroll of immolation {unknown}
Potions
 d - a potion of might
 k - 13 potions of curing
 o - 2 potions of agility
 q - 3 potions of mutation
 s - 4 potions of magic
 u - 2 potions of brilliance
 z - a potion of resistance
 B - a potion of berserk rage
 D - 2 potions of haste
Comestibles
 f - 24 rations


   Skills:
 + Level 9.1 Fighting
 + Level 12.6 Long Blades
 + Level 10.5 Armour
 + Level 2.7 Dodging
 + Level 0.3 Stealth
 + Level 10.7 Shields
 + Level 1.3 Invocations


You had 10 spell levels left.
You didn't know any spells.
Your spell library contained the following spells:

 Spells                   Type           Power        Failure   Level  Hunger
 Animate Skeleton         Necr           N/A          100%        1    ##.....
 Apportation              Tloc           #.....       100%        1    ##.....
 Confusing Touch          Hex            #.....       100%        1    ##.....
 Summon Small Mammal      Summ           #...         100%        1    ##.....


Dungeon Overview and Level Annotations

Branches:
Dungeon (11/15)            Temple (0/1) D:5            Lair (0/6) D:8
    Orc (1/2) D:9           Sewer (visited)         Ossuary (visited)

Altars:
Gozag
Hepliaklqana
Makhleb
Okawaru
Qazlal
Sif Muna
Trog
Wu Jian
Xom
Zin
The Shining One

Shops:
D:6 =

Annotations:
D:3 3 runed translucent doors, icedog's ghost, amateur DsHu
D:6 2 runed translucent doors, kandel6's ghost, novice GrFi
D:11 Erica


Innate Abilities, Weirdness & Mutations

You reflexively headbutt those who attack you in melee.
You have a pair of horns on your head.


Message History

You completely miss something.
You are engulfed in poison gas.
You are poisoned.
* * * LOW HITPOINT WARNING * * *
You feel sick. Something hits you but does no damage.
You bump into the rock wall.
You are engulfed in poison gas.
You are lethally poisoned!
* * * LOW HITPOINT WARNING * * *
x2 You feel sick.
Something hits you.
* * * LOW HITPOINT WARNING * * *
Something burns you.
* * * LOW HITPOINT WARNING * * *
You feel better.
You are engulfed in poison gas.
You are poisoned.
* * * LOW HITPOINT WARNING * * *
x2 You feel sick.
You hear some strange, mumbled words.
An orb of energy appears from out of thin air!
The orb of energy hits you!
You die...

# #.. ... ###.## ..
#.... .. #.#.####
###. #...... ...
####...# #ยง#
#.##...#########{##[#
................@...#
#.###..#########.##.#
#.# #..# #.# #.# #..#
#.# #.# #.># #.# #.#
#..# #.# #.# #..# #..
#.# #..# #..


There were no monsters in sight!

Vanquished Creatures
  A hydra (D:10)
  A komodo dragon (D:8)
  A troll (D:11)
  Prince Ribbit (D:8)
  4 hippogriffs
  2 wyverns
  3 yaks (D:10)
  A wraith (D:10)
  Eustachio (D:5)
  A basilisk (D:8)
  4 hogs (D:8)
  A human (D:8)
  A steam dragon (D:8)
  3 water moccasins
  Duvessa (D:6)
  A black bear (D:11)
  2 sky beasts
  6 orc warriors
  3 ogres
  3 phantoms
  2 crocodiles (D:8)
  8 centaurs
  2 bullfrogs
  2 big kobolds (D:8)
  Dowan (D:6)
  4 scorpions
  4 killer bees (D:7)
  3 wights (D:8)
  3 electric eels (D:8)
  A crimson imp (D:8)
  2 bullfrog zombies
  5 centaur zombies
  A jelly (D:9)
  7 orc priests
  3 bullfrog skeletons
  6 hounds
  13 orc wizards
  5 iguanas
  4 worker ants
  A killer bee zombie (D:7)
  2 big kobold zombies (Ossuary)
  A hound skeleton (D:8)
  6 mummies (Ossuary)
  A howler monkey skeleton (D:5)
  7 gnolls
  10 adders
  A river rat (D:3)
  3 shadow imps
  3 oozes
  An adder skeleton (D:8)
  An adder zombie (D:8)
  8 worms
  A dart slug (D:2)
  4 leopard geckos
  61 orcs
  5 giant cockroaches
  6 goblins
  9 hobgoblins
  21 jackals
  23 kobolds
  2 quokkas
  4 ball pythons (Sewer)
  11 bats
  14 frilled lizards
  4 hobgoblin zombies (Ossuary)
  A jackal zombie (D:8)
  A quokka zombie (D:7)
  5 rats
  3 plants (Sewer)
337 creatures vanquished.

Vanquished Creatures (others)
  An orc wizard (D:7)
  A leopard gecko (D:8)
  A jackal (D:8)
3 creatures vanquished.

Grand Total: 340 creatures vanquished

Notes
Turn   | Place    | Note
-------+----------+-------------------------------------------
     0 | D:1      | Peloso the Minotaur Fighter began the quest for the Orb.
     0 | D:1      | Reached XP level 1. HP: 19/19 MP: 0/0
   374 | D:1      | Reached XP level 2. HP: 27/27 MP: 1/1
   691 | D:2      | Reached XP level 3. HP: 33/33 MP: 2/2
   694 | D:2      | Reached skill level 3 in Long Blades
   948 | D:2      | Found a bloodstained altar of Trog.
  1114 | D:2      | Reached XP level 4. HP: 35/40 MP: 3/3
  1485 | D:3      | Found an ornate altar of the Wu Jian Council.
  1599 | D:3      | Found a runed translucent gate.
  1599 | D:3      | Found a runed translucent gate.
  1599 | D:3      | Found a runed translucent gate.
  1600 | D:3      | Found an opulent altar of Gozag.
  1601 | D:3      | Noticed icedog's ghost (amateur DsHu)
  1619 | D:3      | Reached skill level 4 in Long Blades
  1695 | D:3      | Found a glowing drain.
  1699 | Sewer    | Entered a sewer
  1821 | Sewer    | Reached XP level 5. HP: 47/47 MP: 4/4
  3079 | D:3      | Found a hazy altar of Hepliaklqana.
  3080 | D:3      | Found an iron altar of Okawaru.
  3280 | D:3      | Found a shimmering altar of Xom.
  3316 | D:3      | Found a bloodstained altar of Trog.
  3321 | D:3      | Found a glowing golden altar of the Shining One.
  3321 | D:3      | Found a glowing silver altar of Zin.
  3322 | D:3      | Found a stormy altar of Qazlal.
  3322 | D:3      | Found a shimmering blue altar of Sif Muna.
  3323 | D:3      | Found a burning altar of Makhleb.
  3435 | D:3      | Became a worshipper of Warmaster Okawaru
  3935 | D:4      | Reached skill level 1 in Dodging
  3939 | D:4      | Reached skill level 5 in Long Blades
  3940 | D:4      | Reached skill level 5 in Shields
  3940 | D:4      | Reached XP level 6. HP: 21/53 MP: 5/5
  4307 | D:4      | Found an opulent altar of Gozag.
  4317 | D:4      | Reached skill level 5 in Armour
  4542 | D:5      | Entered Level 5 of the Dungeon
  4570 | D:5      | Noticed Eustachio
  4610 | D:5      | Killed Eustachio
  4610 | D:5      | Reached * piety under Okawaru
  4610 | D:5      | Reached skill level 6 in Long Blades
  4610 | D:5      | Reached XP level 7. HP: 27/60 MP: 6/6
  4724 | D:5      | Reached skill level 5 in Fighting
  4957 | D:5      | Found a staircase to the Ecumenical Temple.
  5240 | D:6      | Noticed Duvessa
  5241 | D:6      | Noticed Dowan
  5247 | D:6      | Killed Duvessa
  5292 | D:6      | Killed Dowan
  5318 | D:6      | Found a sand-covered staircase.
  5323 | Ossuary  | Entered an ossuary
  5374 | Ossuary  | Reached XP level 8. HP: 64/69 MP: 7/7
  5553 | D:6      | Found a large runed translucent door.
  5553 | D:6      | Found a large runed translucent door.
  5553 | D:6      | Noticed kandel6's ghost (novice GrFi)
  5571 | D:6      | Reached skill level 7 in Long Blades
  5596 | D:6      | Found Daeh's Jewellery Emporium.
  5620 | D:6      | Reached ** piety under Okawaru
  5642 | D:6      | Bought a cursed amulet of inaccuracy for 26 gold pieces
  6333 | D:7      | Reached skill level 8 in Long Blades
  6401 | D:7      | Noticed a hippogriff
  6411 | D:7      | Killed a hippogriff
  6488 | D:7      | Reached XP level 9. HP: 36/78 MP: 8/8
  6871 | D:7      | Reached skill level 9 in Long Blades
  6957 | D:7      | Reached *** piety under Okawaru
  7454 | D:8      | Noticed a komodo dragon
  7468 | D:8      | Killed a komodo dragon
  7488 | D:8      | Reached skill level 10 in Long Blades
  7735 | D:8      | Reached skill level 1 in Invocations
  7754 | D:8      | Found a staircase to the Lair.
  7786 | D:8      | Reached **** piety under Okawaru
  7786 | D:8      | Reached XP level 10. HP: 17/86 MP: 9/9
  7799 | D:8      | Noticed Prince Ribbit
  7814 | D:8      | Killed Prince Ribbit
  8150 | D:8      | Reached skill level 11 in Long Blades
  8296 | D:8      | Reached ***** piety under Okawaru
  8630 | D:8      | Noticed an eight-headed hydra
  9145 | D:9      | Found a staircase to the Orcish Mines.
  9447 | D:9      | Received a gift from Okawaru
  9868 | Orc:1    | Entered Level 1 of the Orcish Mines
  9901 | D:10     | Entered Level 10 of the Dungeon
  9920 | D:10     | Reached skill level 10 in Armour
  9934 | D:10     | Reached skill level 12 in Long Blades
  9965 | D:10     | Reached skill level 10 in Shields
 10208 | D:10     | Noticed a six-headed hydra
 10227 | D:10     | Killed a 12-headed hydra
 10279 | D:10     | Received a gift from Okawaru
 10279 | D:10     | Reached XP level 11. HP: 95/95 MP: 10/10
 10824 | D:11     | Noticed Erica
 10865 | D:11     | Killed from afar by Erica

Levels and vault maps discovered:
D:1:      co_arrival_random_square_maze, layout_loops_ring
D:2:      minmay_razor_zed, layout_loops_ring, first_ration,
          minmay_misc_feat_hallway, bloody_trog
D:3:      layout_basic, grunt_temple_overflow_open,
          gammafunk_temple_overflow_statue, gup_sewer_entry_spiral,
          ebering_ghost_gozag, lemuel_another_geyser
D:4:      layout_basic, lemuel_statue_altar
D:5:      layout_gridville, minmay_temple_entry_purple_smoke, uniq_eustachio
D:6:      layout_loops_ring, enter_ossuary_2, ebering_ghost_disaster_area,
          serial_shops, shop, uniq_duvessa
D:7:      layout_basic
D:8:      layout_rooms, erik_lair_dragon, grunt_livestock, chequers_big_river,
          uniq_prince_ribbit1
D:9:      layout_basic, hiddenorc2_lemuel
D:10:     layout_basic
D:11:     layout_loops_ring, uniq_erica
Orc:1:    cheibrodos_orc_guarddog, layout_caves, ebering_ghost_disaster_area,
          kennysheep_orc_chapel

Skill      XL: |  1  2  3  4  5  6  7  8  9 10 11 |
---------------+----------------------------------+-----
Armour         | 4 5 6 7 9 10 | 10.5
Fighting       | 4 5 6 7 8 9 |  9.1
Shields        | 4 5 6 7 9 10 | 10.7
Long Blades    | 3 4 5 6 8 10 12 | 12.6
Dodging        | 1 2 |  2.7
Invocations    | 1 |  1.3
Stealth        | |  0.3

Action                   |  1- 3 |  4- 6 |  7- 9 | 10-12 || total
-------------------------+-------+-------+-------+-------++-------
Melee: Long sword        |    66 |   336 |   430 |   155 ||   987
       Headbutt          |     9 |    72 |   109 |   110 ||   300
       Falchion          |       |       |       |   324 ||   324
Invok: Heroism           |       |       |     7 |     5 ||    12
Evoke: Wand              |       |       |       |     7 ||     7
  Use: Scroll            |     4 |     7 |     1 |     6 ||    18
       Potion            |     2 |     2 |     1 |     4 ||     9
  Eat: Chunk             |       |     9 |    16 |     8 ||    33
       Ration            |       |     1 |     1 |       ||     2
Armor: Scale mail        |    16 |       |       |       ||    16
       Chain mail        |    17 |   189 |       |       ||   206
       Plate armour      |       |       |   244 |   181 ||   425
       Skin              |       |       |       |     4 ||     4
Dodge: Dodged            |    19 |    65 |   113 |    95 ||   292
Block: Shield            |    39 |   194 |   260 |   238 ||   731
       Rpst.: Long sword |     4 |    13 |    19 |     6 ||    42
       Falchion          |       |       |       |    11 ||    11
